[Event "Titled Tuesday Blitz November 22 Late 2022"]
[White "Klenburg, Michael"]
[Black "Svicevic, Rastko"]
[WhiteFideId "14102072"]
[BlackFideId "916315"]
[WhiteElo "2405"]
[BlackElo "2077"]
[Result "1-0"]
[Round "04"]
[TimeControl "180+1"]
[Date "2022.11.23"]
[WhiteClock "0:00:06"]
[BlackClock "0:00:01"]

1. e4 c6 2. d3 d5 3. Nd2 g6 4. Ngf3 Bg7 5. g3 dxe4 6. dxe4 Nf6 7. Bg2 O-O 8. O-O Bg4 9. h3 Bxf3 10. Qxf3 Nbd7 11. Qe2 e5 12. b3 Qe7 13. a4 Rfd8 14. Ba3 Qe8 15. Nc4 Nf8 16. Nd6 Qd7 17. Rfd1 Qc7 18. Nc4 Ne8 19. Rxd8 Rxd8 20. Rd1 Ne6 21. c3 b5 22. axb5 Rxd1+ 23. Qxd1 cxb5 24. Ne3 Qxc3 25. Nd5 Qd4 26. Qc2 h5 27. Qc8 Qa1+ 28. Kh2 Qxa3 29. Qxe8+ Bf8 30. Qxb5 Kg7 31. Qb8 Bd6 32. Qb5 Nd4 33. Qd7 Nxb3 34. Nc7 Bxc7 35. Qxc7 Qc5 36. Qb7 Nd4 37. Bf1 Ne6 38. Kg2 a5 39. Qb3 Nd4 40. Qa4 Qb4 41. Qe8 Qc5 42. Qa4 Qc6 43. Qa2 Qxe4+ 44. Kg1 Qc6 45. Bc4 Qc7 46. Bd5 Qd7 47. Kg2 a4 48. Bc4 Qb7+ 49. Bd5 Qc7 50. Bc4 Qc6+ 51. Bd5 Qb5 52. Bc4 Qb4 53. Bxf7 a3 54. Bg8 Qb7+ 55. Bd5 Qb2 56. Qc4 a2 57. Qc7+ Kf6 58. Qd6+ Kg5 59. Qe7+ Kh6 60. Qf8+ Kh7 61. Bg8+ Kh8 62. Bf7+ 1-0


[Site "https://www.chess.com"]

[Event "Titled Tuesday Blitz November 22 Late 2022"]
[White "Korchmar, Vasiliy"]
[Black "Ansh M Shah"]
[WhiteFideId "24131750"]
[BlackFideId "25033379"]
[WhiteElo "2370"]
[BlackElo "2084"]
[Result "1-0"]
[Round "04"]
[TimeControl "180+1"]
[Date "2022.11.23"]
[WhiteClock "0:00:15"]
[BlackClock "0:00:06"]

1. e4 c6 2. d4 d5 3. e5 Bf5 4. c4 e6 5. Nc3 Ne7 6. a3 Nd7 7. cxd5 Nxd5 8. Nge2 Be7 9. Ng3 Bg6 10. Bc4 N7b6 11. Ba2 Qd7 12. O-O h5 13. Nge4 O-O-O 14. Qe2 h4 15. h3 f5 16. Nc5 Bxc5 17. dxc5 Nxc3 18. bxc3 Nd5 19. Bg5 Rde8 20. Rfd1 Nxc3 21. Qc2 Nxd1 22. Rxd1 Qc7 23. Rd6 Bf7 24. Qd2 a6 25. a4 Rh5 26. Bc4 g6 27. Bf6 Bg8 28. Qe2 Rh7 29. Bxa6 Qa5 30. Rxc6+ Kb8 31. Rb6 Qxc5 32. Qb2 Ka7 33. Rb5 Qc6 34. Qd4+ Kxa6 35. Bd8 b6 36. Rxb6+ Qxb6 37. Qxb6# 1-0


[Site "https://www.chess.com"]

[Event "Titled Tuesday Blitz November 22 Late 2022"]
[White "Krzywda, Andrzej"]
[Black "Boyer, Mahel"]
[WhiteFideId "1114565"]
[BlackFideId "45102422"]
[WhiteElo "2149"]
[BlackElo "2454"]
[Result "0-1"]
[Round "04"]
[TimeControl "180+1"]
[Date "2022.11.23"]
[WhiteClock "0:00:17"]
[BlackClock "0:00:05"]

1. d4 c6 2. c4 Nf6 3. Nc3 d5 4. e3 Na6 5. b3 e5 6. dxe5 Bb4 7. Bd2 Ng4 8. cxd5 Qa5 9. Rc1 O-O 10. Nf3 cxd5 11. h3 Nh6 12. Bxa6 bxa6 13. O-O Nf5 14. Nd4 Nxd4 15. exd4 Bf5 16. a3 Bxc3 17. Rxc3 Qxa3 18. b4 Qa2 19. Rc5 Bd3 20. Re1 Rfc8 21. e6 fxe6 22. Bf4 Rxc5 23. dxc5 Bf5 24. g4 Be4 25. f3 Rf8 26. fxe4 Rxf4 27. Qe2 Qxe2 28. Rxe2 Kf7 29. exd5 exd5 30. Rc2 Rxb4 31. c6 Rb8 32. Kf2 Ke6 33. Ke3 Kd6 34. Kd4 Rb4+ 35. Kd3 Rc4 36. Rb2 Rxc6 37. Rb7 Rc7 38. Rb8 Kc5 39. g5 a5 40. h4 g6 41. Rb1 a4 42. Rc1+ Kb6 43. Ra1 Ka5 44. Kd4 Rd7 45. Kc5 Rf7 46. Kxd5 Rf4 47. h5 Rg4 48. Rg1 Rxg1 49. Ke6 Rxg5 50. Kf6 Rxh5 51. Kg7 Rf5 52. Kh6 a3 53. Kg7 a2 54. Kh6 a1=Q 0-1


[Site "https://www.chess.com"]

[Event "Titled Tuesday Blitz November 22 Late 2022"]
[White "Lizak, Peter"]
[Black "Wirig, Anthony"]
[WhiteFideId "731595"]
[BlackFideId "615013"]
[WhiteElo "2420"]
[BlackElo "2487"]
[Result "0-1"]
[Round "04"]
[TimeControl "180+1"]
[Date "2022.11.22"]
[WhiteClock "0:00:10"]
[BlackClock "0:00:08"]

1. d4 Nf6 2. Nc3 d5 3. Bf4 a6 4. e3 c5 5. dxc5 e6 6. Na4 Bxc5 7. Nxc5 Qa5+ 8. c3 Qxc5 9. Qd4 Qxd4 10. cxd4 Bd7 11. Bd3 Bb5 12. Bc2 Nc6 13. a3 Rc8 14. Bd1 Na5 15. Nf3 Ne4 16. Ne5 f6 17. Nf3 g5 18. Bg3 h5 19. h4 g4 20. Nd2 Nxd2 21. Kxd2 Nc4+ 22. Ke1 Nxb2 23. Bb3 Rc3 24. Bd1 Kd7 25. a4 Bd3 26. Kd2 Rhc8 27. Ra2 Nxd1 28. Rxd1 Be4 29. f3 gxf3 30. gxf3 Rd3+ 31. Ke2 Rxd1 32. Kxd1 Bxf3+ 33. Kd2 Rg8 34. Bf2 e5 35. Rb2 Kc6 36. Rc2+ Kd6 37. Rb2 Rg2 38. Ke1 Kc6 39. a5 exd4 40. Rb6+ Kc7 41. exd4 f5 42. Rf6 Be4 43. Kf1 Rg4 44. Ke2 f4 45. Rh6 f3+ 46. Ke3 Bg6 47. Kxf3 Kc6 48. Rh8 Kb5 49. Rb8 Be4+ 50. Ke3 Rg7 51. Be1 Rf7 52. Rc8 Rf3+ 53. Kd2 b6 54. axb6 Kxb6 55. Ke2 Rd3 56. Rh8 Rb3 57. Rh6+ Kb5 58. Bd2 a5 59. Rh8 a4 60. Rb8+ Kc4 61. Rc8+ Kxd4 62. Ra8 a3 63. Bc1 Bf3+ 64. Kd2 Rd3+ 65. Kc2 Bd1+ 66. Kb1 Rb3+ 67. Ka1 Kc4 68. Rxa3 Bc2 69. Rxb3 Kxb3 70. Be3 Kc3 71. Ba7 d4 72. Bxd4+ Kxd4 73. Kb2 Kd3 74. Kc1 Ba4 75. Kb2 Bc6 76. Kb3 Bf3 77. Kb2 Kd2 78. Kb3 Ke3 79. Kb2 Kf4 80. Kc3 Kg3 81. Kd2 Kxh4 82. Ke1 Kg3 83. Kf1 Be4 84. Kg1 h4 0-1


[Site "https://www.chess.com"]

[Event "Titled Tuesday Blitz November 22 Late 2022"]
[White "Lobanov, Sergei"]
[Black "Paiva, Henrique M A Albergaria"]
[WhiteFideId "24183750"]
[BlackFideId "1920995"]
[WhiteElo "2510"]
[BlackElo "1953"]
[Result "0-1"]
[Round "04"]
[TimeControl "180+1"]
[Date "2022.11.22"]
[WhiteClock "0:00:01"]
[BlackClock "0:00:05"]

1. e4 c5 2. Nf3 d6 3. d4 cxd4 4. Nxd4 Nf6 5. Nc3 a6 6. Be3 e5 7. Nf3 Be7 8. Bc4 h6 9. O-O O-O 10. h3 Be6 11. Bb3 Nbd7 12. Qe2 Qc7 13. Rfd1 b5 14. a3 Nb6 15. Bxe6 fxe6 16. a4 b4 17. a5 Nc4 18. Na2 Rab8 19. Bc1 Rfc8 20. Ne1 Nxa5 21. Qxa6 b3 22. Nc3 Ra8 23. Qe2 bxc2 24. Nxc2 Nb3 25. Rxa8 Rxa8 26. Be3 Nd7 27. Qg4 Nf8 28. Bxh6 Bf6 29. Be3 Rb8 30. h4 Nc5 31. Bc1 Nb3 32. Bg5 Bxg5 33. hxg5 Nd4 34. Nxd4 exd4 35. Rxd4 Rxb2 36. Rd3 Qc5 37. Rf3 Qe5 38. Qh5 g6 39. Qh6 Qg7 40. Qh3 Qe5 41. g3 Rc2 42. Rf6 Qxg5 43. Rxf8+ Kxf8 44. Qh8+ Kf7 45. Qh7+ Ke8 46. Qg8+ Kd7 47. Qf7+ Qe7 48. Qf3 Qg7 49. Ne2 Qa1+ 50. Kg2 Qb2 51. Qf7+ Kc6 52. Qxe6 Rxe2 53. Qd5+ Kc7 54. Qf7+ Kb6 55. Qf8 Kc5 56. Qc8+ Kd4 57. Qh8+ Kxe4 58. Qe8+ Kd3 59. Qxg6+ Kd2 60. Qxd6+ Ke1 61. Qf4 Rxf2+ 0-1


[Site "https://www.chess.com"]

[Event "Titled Tuesday Blitz November 22 Late 2022"]
[White "Lopez Mulet, Inigo"]
[Black "Burke, Paul"]
[WhiteFideId "22235620"]
[BlackFideId "2605767"]
[WhiteElo "2289"]
[BlackElo "1903"]
[Result "1-0"]
[Round "04"]
[TimeControl "180+1"]
[Date "2022.11.23"]
[WhiteClock "0:01:26"]
[BlackClock "0:00:14"]

1. d4 a6 2. a4 d6 3. e4 g6 4. h4 h6 5. h5 g5 6. f4 g4 7. Bc4 Nf6 8. Nc3 c6 9. e5 dxe5 10. fxe5 Nd5 11. Ne4 Bg7 12. Ne2 Bf5 13. N2g3 Be6 14. O-O O-O 15. Nc5 Bc8 16. c3 b6 17. Nce4 Be6 18. Qe2 Nd7 19. Nf5 b5 20. Qxg4 Bxf5 21. Rxf5 Kh7 22. Bd3 e6 23. Nd6 Kh8 24. Rxf7 Nxe5 25. Qxg7# 1-0


[Site "https://www.chess.com"]

[Event "Titled Tuesday Blitz November 22 Late 2022"]
[White "Machidon, Cristi"]
[Black "Robson, Ray"]
[WhiteFideId "13904590"]
[BlackFideId "2023970"]
[WhiteElo "2333"]
[BlackElo "2668"]
[Result "0-1"]
[Round "04"]
[TimeControl "180+1"]
[Date "2022.11.22"]
[WhiteClock "0:00:14"]
[BlackClock "0:00:05"]

1. d4 Nf6 2. c4 g6 3. Nc3 Bg7 4. e4 d6 5. Be2 O-O 6. Bg5 h6 7. Be3 c5 8. d5 e6 9. Qd2 exd5 10. exd5 h5 11. h3 Re8 12. Bd3 Bh6 13. Nf3 Qe7 14. O-O Bxe3 15. fxe3 Qxe3+ 16. Qxe3 Rxe3 17. Ng5 Kg7 18. Nce4 Nxe4 19. Rxf7+ Kh6 20. Nxe4 Rxd3 21. Nxd6 Bf5 22. Re1 Na6 23. h4 Bg4 24. Ree7 Rd1+ 25. Kh2 Rh8 26. a3 Nb8 27. Rxb7 a5 28. Kg3 Rd3+ 29. Kf4 Rd4+ 30. Ke3 Rd1 31. b3 Re1+ 32. Kd2 Rd1+ 33. Kc3 Rc1+ 34. Kb2 Rg1 35. Ne4 Rxg2+ 36. Kc3 Nd7 37. Rbxd7 Bxd7 38. Rxd7 Re8 39. Nxc5 Rg3+ 40. Kd2 Rg2+ 41. Kd3 Rg3+ 42. Kd2 Rh3 43. d6 Rh2+ 44. Kd3 Rh3+ 45. Kd2 Rxh4 46. Rf7 Rd4+ 47. Kc3 Rxd6 48. b4 Re3+ 49. Kb2 axb4 50. axb4 Rd2+ 51. Kc1 Rd4 0-1


[Site "https://www.chess.com"]

[Event "Titled Tuesday Blitz November 22 Late 2022"]
[White "Makridis, Dimitrios"]
[Black "vjecspec"]
[WhiteFideId "25864475"]
[WhiteElo "2272"]
[BlackElo "2569"]
[Result "1-0"]
[Round "04"]
[TimeControl "180+1"]
[Date "2022.11.23"]
[WhiteClock "0:01:02"]
[BlackClock "0:00:40"]

1. e4 g6 2. h4 Nf6 3. e5 Nh5 4. d4 d6 5. exd6 Qxd6 6. Nc3 Bg7 7. Be3 c6 8. g4 Nf6 9. Be2 h5 10. gxh5 Nxh5 11. Nf3 Bg4 12. Qd2 Nd7 13. O-O-O O-O-O 14. Kb1 Nb6 15. Ng5 Bxe2 16. Qxe2 Rdf8 17. a3 Kb8 18. Nce4 Qc7 19. c4 Ka8 20. d5 cxd5 21. cxd5 Nf4 22. d6 Nxe2 23. dxc7 Nc4 24. Nxf7 Rhg8 25. Rd8+ Rxd8 26. cxd8=Q+ Rxd8 27. Nxd8 Bxb2 28. Nd2 1-0


[Site "https://www.chess.com"]

[Event "Titled Tuesday Blitz November 22 Late 2022"]
[White "Marchesich, Giovanni"]
[Black "Petrovic, Aleksa"]
[WhiteFideId "2824790"]
[BlackFideId "967629"]
[WhiteElo "2200"]
[BlackElo "2224"]
[Result "0-1"]
[Round "04"]
[TimeControl "180+1"]
[Date "2022.11.23"]
[WhiteClock "0:01:31"]
[BlackClock "0:01:21"]

1. f3 d5 2. g3 c5 3. Nh3 Nc6 4. Nf2 Nf6 5. Bg2 g6 6. O-O Bg7 7. d3 O-O 8. Nc3 d4 9. Nce4 Nd7 10. e3 dxe3 11. Bxe3 Bxb2 12. Rb1 Bd4 13. Bxd4 cxd4 14. f4 Nf6 15. Nxf6+ exf6 16. Ne4 f5 17. Nc5 Qe7 18. Nb3 a5 19. Re1 Qd6 20. Qf3 a4 21. Nd2 Be6 22. Rxb7 Rac8 23. Nc4 Bxc4 24. dxc4 Nb4 25. Qa3 Rxc4 26. Rb1 d3 27. cxd3 Qd4+ 28. Kf1 Rc2 0-1


[Site "https://www.chess.com"]

[Event "Titled Tuesday Blitz November 22 Late 2022"]
[White "Marcolino, Daniel Mattos"]
[Black "Roman, Rodrigo"]
[WhiteFideId "2106841"]
[BlackFideId "3701220"]
[WhiteElo "2081"]
[BlackElo "1995"]
[Result "0-1"]
[Round "04"]
[TimeControl "180+1"]
[Date "2022.11.23"]
[WhiteClock "0:00:20"]
[BlackClock "0:01:34"]

1. d4 Nf6 2. Nf3 e6 3. g3 b6 4. Bg2 Bb7 5. O-O d5 6. c4 Nbd7 7. Nc3 c5 8. cxd5 exd5 9. dxc5 bxc5 10. b3 d4 11. Na4 Bd6 12. Ba3 O-O 13. Rc1 Rc8 14. Qd3 Re8 15. Qb5 Bc6 16. Qa6 Nd5 17. Nxd4 Nb8 18. Qc4 cxd4 19. Bxd5 Bxa3 20. Bxf7+ Kh8 21. Bxe8 Qxe8 22. Rc2 Qe4 23. f3 Qe3+ 24. Kg2 h5 25. Rd1 Bxf3+ 26. exf3 Rxc4 27. bxc4 d3 28. Rcd2 Bc5 29. Rxd3 Qf2+ 30. Kh3 Nc6 31. R1d2 Qf1+ 32. Kh4 Be7+ 33. Kxh5 Qh3+ 34. Kg6 Ne5# 0-1


[Site "https://www.chess.com"]

[Event "Titled Tuesday Blitz November 22 Late 2022"]
[White "Mendonca, Mateus Nakajo"]
[Black "Kovacevic, Radmila"]
[WhiteFideId "2110954"]
[BlackFideId "933171"]
[WhiteElo "2310"]
[BlackElo "2208"]
[Result "1-0"]
[Round "04"]
[TimeControl "180+1"]
[Date "2022.11.23"]
[WhiteClock "0:00:05"]
[BlackClock "0:00:03"]

1. Nf3 c5 2. g3 Nc6 3. d4 cxd4 4. Nxd4 Qa5+ 5. Bd2 Qd5 6. Nf3 e5 7. Nc3 Qd6 8. Nb5 Qb8 9. c4 a6 10. Nc3 b5 11. cxb5 axb5 12. Bg2 Nf6 13. Bg5 b4 14. Nd5 Ne4 15. Be3 Bc5 16. Ng5 Bxe3 17. Nxe4 Ba7 18. e3 O-O 19. Qc2 f5 20. Nd2 Ba6 21. Nc4 e4 22. O-O Qb5 23. Nc7 Qxc4 24. Qxc4+ Bxc4 25. Rfc1 Rac8 26. Rxc4 Rxc7 27. Rac1 Rb7 28. g4 g6 29. gxf5 gxf5 30. h4 Rf6 31. Bh3 Kf7 32. Kf1 Bb6 33. Rd1 Ke7 34. Rd5 Na5 35. Rxb4 Bc7 36. Rxb7 Nxb7 37. Bxf5 Nd6 38. Bxh7 Rh6 39. Bf5 Rxh4 40. Ke2 1-0


[Site "https://www.chess.com"]

[Event "Titled Tuesday Blitz November 22 Late 2022"]
[White "Mesa Cruz, Juan Carlos"]
[Black "Winterberg, Lukas"]
[WhiteFideId "6423400"]
[BlackFideId "24622702"]
[WhiteElo "2059"]
[BlackElo "2349"]
[Result "0-1"]
[Round "04"]
[TimeControl "180+1"]
[Date "2022.11.23"]
[WhiteClock "0:00:47"]
[BlackClock "0:02:08"]

1. e4 Nf6 2. e5 Nd5 3. d4 Nb6 4. c4 d6 5. f4 g6 6. Nc3 Bg7 7. Be3 O-O 8. Be2 dxe5 9. dxe5 Be6 10. b3 Nc6 11. Bf3 f6 12. exf6 Bxf6 13. Nge2 Bf5 14. O-O e5 15. Nd5 e4 16. Nxf6+ Qxf6 17. Bxb6 exf3 18. Bd4 fxe2 0-1


[Site "https://www.chess.com"]

[Event "Titled Tuesday Blitz November 22 Late 2022"]
[White "Mgeladze, Tamaz"]
[Black "Jimenez Almeida, Luis David"]
[WhiteFideId "13601202"]
[BlackFideId "22242244"]
[WhiteElo "2288"]
[BlackElo "2158"]
[Result "1-0"]
[Round "04"]
[TimeControl "180+1"]
[Date "2022.11.23"]
[WhiteClock "0:00:11"]
[BlackClock "0:00:05"]

1. c4 g6 2. Nc3 Bg7 3. g3 f5 4. Bg2 Nf6 5. Nf3 d6 6. O-O Nc6 7. Rb1 a5 8. a3 e5 9. d3 O-O 10. b4 axb4 11. axb4 h6 12. b5 Ne7 13. Bb2 g5 14. Qb3 Be6 15. Ra1 Qd7 16. Nd2 d5 17. Ba3 dxc4 18. Nxc4 e4 19. Bxe7 Qxe7 20. Rxa8 Rxa8 21. dxe4 Qf7 22. Nd5 Nxd5 23. exd5 Bxd5 24. Bxd5 Qxd5 25. Rd1 Qe6 26. Qd3 Kh8 27. Ne3 f4 28. Nd5 Qe5 29. Qc4 Rc8 30. gxf4 gxf4 31. Nxf4 Qg5+ 32. Kh1 Be5 33. Ne6 Qf6 34. f4 Bc3 35. Rd3 Ba1 36. Qe4 Re8 37. f5 Rg8 38. Rg3 Rxg3 39. hxg3 Be5 40. Kg2 c6 41. bxc6 bxc6 42. g4 c5 43. Qa8+ Kh7 44. Nf8+ Kg7 45. Ng6 Qg5 46. Qh8+ Kf7 47. Nxe5+ Ke7 48. Ng6+ Kd6 49. Qf8+ Kc6 50. Qe8+ Kb6 51. Qe6+ Kb5 52. Qd7+ Kc4 53. Ne5+ Kb3 54. Qd5+ Kb4 55. Qc4+ Ka3 56. Qxc5+ Ka4 57. Qd4+ Ka3 58. Qe3+ Ka2 59. Qxg5 1-0


[Site "https://www.chess.com"]

[Event "Titled Tuesday Blitz November 22 Late 2022"]
[White "Mikhalsky, Vladimir"]
[Black "Liu, Kelsey"]
[WhiteFideId "14144352"]
[BlackFideId "30944481"]
[WhiteElo "2271"]
[BlackElo "2322"]
[Result "1-0"]
[Round "04"]
[TimeControl "180+1"]
[Date "2022.11.23"]
[WhiteClock "0:00:08"]
[BlackClock "0:00:03"]

1. d4 Nf6 2. c4 e6 3. g3 d5 4. Bg2 dxc4 5. Nf3 c6 6. a4 Bb4+ 7. Bd2 a5 8. O-O O-O 9. Na3 Bxa3 10. Rxa3 b5 11. Qc2 Bb7 12. Rd1 Nbd7 13. Ne5 Qc7 14. Bf4 Nxe5 15. Bxe5 Qe7 16. Bxf6 gxf6 17. g4 Rfc8 18. Rh3 Kf8 19. Qxh7 Ke8 20. axb5 cxb5 21. Bxb7 Qxb7 22. d5 e5 23. d6 Rd8 24. Qg8+ Kd7 25. Qxf7+ Kc6 26. d7 Kc7 27. Qxf6 Qe4 28. g5 Rxd7 29. Rxd7+ Kxd7 30. Qf7+ Kd6 31. Qf6+ Kc5 32. Qe7+ Kd4 33. Qd6+ Qd5 34. e3+ Ke4 35. f3+ Kxe3 36. Qxd5 1-0


[Site "https://www.chess.com"]

[Event "Titled Tuesday Blitz November 22 Late 2022"]
[White "Milikow, Yoav"]
[Black "Souleidis, Georgios"]
[WhiteFideId "2822237"]
[BlackFideId "4206827"]
[WhiteElo "2341"]
[BlackElo "2401"]
[Result "1-0"]
[Round "04"]
[TimeControl "180+1"]
[Date "2022.11.23"]
[WhiteClock "0:01:31"]
[BlackClock "0:00:18"]

1. d4 Nf6 2. c4 g6 3. Nc3 Bg7 4. e4 d6 5. Be2 O-O 6. Be3 e5 7. d5 Na6 8. g4 Nc5 9. f3 h5 10. b4 Na6 11. a3 hxg4 12. fxg4 Nxg4 13. Bxg4 Qh4+ 14. Kd2 Bxg4 15. Qf1 f5 16. h3 fxe4 17. Qg2 Bf3 18. Nxf3 exf3 19. Qxg6 f2 20. Ne4 Rf3 21. Ng5 Rf6 22. Qe4 Qh5 23. Raf1 Raf8 24. Ne6 R8f7 25. Qg4 Qh7 26. Ng5 Qg6 27. Ne4 Qxg4 28. Nxf6+ Rxf6 29. hxg4 Rg6 30. g5 1-0


[Site "https://www.chess.com"]

[Event "Titled Tuesday Blitz November 22 Late 2022"]
[White "Mohammed, Zozek Salah Mohammed"]
[Black "Papasimakopoulos, Alexandros"]
[WhiteFideId "4803361"]
[BlackFideId "4244125"]
[WhiteElo "2199"]
[BlackElo "2365"]
[Result "0-1"]
[Round "04"]
[TimeControl "180+1"]
[Date "2022.11.23"]
[WhiteClock "0:00:03"]
[BlackClock "0:00:57"]

1. d4 e6 2. c4 Nf6 3. Nf3 Bb4+ 4. Bd2 Qe7 5. g3 b6 6. Bg2 Nc6 7. O-O Bxd2 8. Nbxd2 Bb7 9. e4 e5 10. d5 Nb8 11. a3 a5 12. Ne1 Na6 13. Nd3 Nc5 14. Nxc5 Qxc5 15. Nb3 Qe7 16. Rc1 a4 17. Nd2 d6 18. Nb1 Nd7 19. Nc3 Nc5 20. Nb5 Ba6 21. Rc3 O-O 22. Qg4 Bc8 23. Qh4 Qxh4 24. gxh4 Na6 25. f4 exf4 26. Rxf4 f6 27. h5 h6 28. Bh3 Bxh3 29. Rxh3 Rf7 30. Nd4 Nc5 31. Rg3 Kh7 32. Nf5 Re8 33. Rfg4 Rg8 34. Kf2 Nd7 35. Rg6 Ne5 36. Nxh6 Nxg6 37. hxg6+ Kxh6 38. gxf7 Rf8 39. Ke3 Rxf7 40. Kd4 Re7 41. b4 axb3 42. Rxb3 Kg5 43. Rf3 Kg4 0-1


[Site "https://www.chess.com"]

[Event "Titled Tuesday Blitz November 22 Late 2022"]
[White "Naroditsky, Daniel"]
[Black "Tang, Andrew"]
[WhiteFideId "2026961"]
[BlackFideId "2059630"]
[WhiteElo "2628"]
[BlackElo "2581"]
[Result "1/2-1/2"]
[Round "04"]
[TimeControl "180+1"]
[Date "2022.11.22"]
[WhiteClock "0:00:03"]
[BlackClock "0:00:08"]

1. e4 e5 2. Nf3 Nc6 3. Bb5 a6 4. Ba4 Nf6 5. O-O Be7 6. d3 b5 7. Bb3 d6 8. a3 O-O 9. Nc3 Na5 10. Ba2 c5 11. Bg5 Be6 12. Bxf6 Bxf6 13. Nd5 g6 14. b4 Nc6 15. c3 Bg7 16. a4 Ne7 17. Ne3 Qd7 18. Bxe6 Qxe6 19. axb5 axb5 20. Rxa8 Rxa8 21. Qb1 Qd7 22. Qb3 Qc6 23. Rb1 Rc8 24. Ng5 Rf8 25. h4 h6 26. Nf3 Rc8 27. h5 gxh5 28. bxc5 Qxc5 29. Qxb5 Qxb5 30. Rxb5 Rxc3 31. Nd5 Nxd5 32. Rxd5 Rc6 33. Nh4 Bf8 34. Nf5 Rc5 35. Rxc5 dxc5 36. Kh2 Kh7 37. Kh3 Bg7 38. Nxg7 Kxg7 39. Kh4 Kg6 40. f3 f5 41. g3 f4 42. gxf4 exf4 43. Kh3 Kg5 44. Kg2 Kg6 45. Kh2 Kg5 46. Kh3 Kf6 47. Kh4 Kg6 48. Kh3 Kg5 49. Kg2 h4 50. Kh2 Kg6 51. Kh3 Kg5 52. Kg2 Kg6 53. Kh2 Kg5 54. Kh3 Kh5 55. Kg2 Kg6 56. Kh2 Kf6 57. Kh3 Kg5 58. Kh2 Kg6 59. Kh3 Kg5 1/2-1/2


[Site "https://www.chess.com"]

[Event "Titled Tuesday Blitz November 22 Late 2022"]
[White "Necromon"]
[Black "Gerbelli Neto, Eduardo"]
[BlackFideId "2103281"]
[WhiteElo "2472"]
[BlackElo "2178"]
[Result "1-0"]
[Round "04"]
[TimeControl "180+1"]
[Date "2022.11.23"]
[WhiteClock "0:01:25"]
[BlackClock "0:00:03"]

1. Nf3 Nf6 2. g3 d5 3. Bg2 g6 4. O-O Bg7 5. c4 O-O 6. cxd5 Nxd5 7. Nc3 Nxc3 8. dxc3 Qxd1 9. Rxd1 c6 10. Be3 Nd7 11. a4 Nb6 12. Bd4 Be6 13. a5 Nd5 14. Ng5 Bxd4 15. Rxd4 a6 16. Nxe6 fxe6 17. Bh3 Rf6 18. e4 e5 19. Rd2 Nc7 20. Rd7 Nb5 21. Rad1 Nd6 22. Rxe7 Nxe4 23. Rdd7 Nxf2 24. Rg7+ Kf8 25. Bf1 Ng4 26. Bc4 Ke8 27. Rge7+ Kf8 28. Rxh7 Ke8 29. Rxb7 Ne3 30. Rh8+ Rf8 31. Bf7+ Kd8 32. Rxf8# 1-0


[Site "https://www.chess.com"]

[Event "Titled Tuesday Blitz November 22 Late 2022"]
[White "Novikova, Galina"]
[Black "Romanchuk, Viktor"]
[WhiteFideId "4157095"]
[BlackFideId "14109271"]
[WhiteElo "1973"]
[BlackElo "2242"]
[Result "0-1"]
[Round "04"]
[TimeControl "180+1"]
[Date "2022.11.23"]
[WhiteClock "0:00:20"]
[BlackClock "0:00:10"]

1. e4 c6 2. d4 d5 3. e5 c5 4. c3 Nc6 5. b4 cxb4 6. Bd3 bxc3 7. Nf3 Bg4 8. Be3 e6 9. Nxc3 Bb4 10. Qb3 Qa5 11. Rc1 Nge7 12. Nd2 O-O 13. O-O Rac8 14. Ndb1 Nf5 15. Bxf5 Bxf5 16. a3 Be7 17. Qxb7 Rc7 18. Qb2 Rb8 19. Qd2 Qa6 20. Rfd1 Rbc8 21. Ne2 Na5 22. Rxc7 Rxc7 23. Ng3 Nc4 24. Qe1 Bg6 25. h3 h6 26. Rc1 Rc6 27. Nd2 Nxa3 28. Rxc6 Qxc6 29. Nf3 Nc4 30. Qa1 a5 31. h4 a4 32. h5 Bc2 33. Qc3 Bb3 34. Nd2 Qb5 35. Nxc4 Bxc4 36. f4 a3 37. f5 a2 38. f6 gxf6 39. exf6 Bxf6 40. Bxh6 Qb1+ 41. Kh2 a1=Q 42. Qf3 Qg1+ 43. Kh3 Qh1+ 44. Nxh1 Qxh1+ 45. Kg3 Qh4# 0-1


[Site "https://www.chess.com"]

[Event "Titled Tuesday Blitz November 22 Late 2022"]
[White "Oganian, Miran"]
[Black "Goncalves, Davi Sulzbacher"]
[WhiteFideId "4122488"]
[BlackFideId "2154510"]
[WhiteElo "2323"]
[BlackElo "2182"]
[Result "1-0"]
[Round "04"]
[TimeControl "180+1"]
[Date "2022.11.23"]
[WhiteClock "0:01:28"]
[BlackClock "0:00:15"]

1. e4 c5 2. Nf3 d6 3. Bb5+ Nd7 4. d4 a6 5. Bxd7+ Bxd7 6. O-O Nf6 7. e5 Nd5 8. c4 Nb6 9. b3 Bg4 10. h3 Bxf3 11. Qxf3 cxd4 12. e6 fxe6 13. Qxb7 g6 14. Re1 e5 15. c5 Nd7 16. cxd6 exd6 17. Bg5 Qc8 18. Qd5 Be7 19. Bxe7 Kxe7 20. Nd2 Qc5 21. Qe4 Rac8 22. Qh4+ Ke6 23. Ne4 Qc2 24. Rad1 h6 25. Rxd4 exd4 26. Qg4+ Kd5 27. Qxd7 Qc7 28. Nf6+ Kc5 29. Rc1+ Kb6 30. Nd5+ 1-0


[Site "https://www.chess.com"]

[Event "Titled Tuesday Blitz November 22 Late 2022"]
[White "Onslow, Alfie"]
[Black "Sokolovsky, Yahli"]
[WhiteFideId "436976"]
[BlackFideId "2820242"]
[WhiteElo "2015"]
[BlackElo "2316"]
[Result "0-1"]
[Round "04"]
[TimeControl "180+1"]
[Date "2022.11.23"]
[WhiteClock "0:00:01"]
[BlackClock "0:00:16"]

1. Nf3 g6 2. e4 Bg7 3. d4 d6 4. Bc4 e6 5. O-O Nf6 6. Qe2 O-O 7. Bb3 Nc6 8. c3 e5 9. h3 Qe7 10. Bg5 h6 11. Bxf6 Qxf6 12. dxe5 Nxe5 13. Nxe5 Qxe5 14. Nd2 Bd7 15. f4 Qc5+ 16. Qf2 Qxf2+ 17. Rxf2 Rae8 18. g4 Kh7 19. f5 Be5 20. Nf3 Bf4 21. Re1 Bg3 22. Nd4 Bxf2+ 23. Kxf2 c5 24. Nf3 Bc6 25. Bc2 Re7 26. h4 Rfe8 27. Nd2 gxf5 28. gxf5 f6 29. Rg1 Rg7 30. Rxg7+ Kxg7 31. Nc4 d5 32. Na5 dxe4 33. Nxc6 e3+ 34. Ke2 bxc6 35. Ba4 Re5 36. Bxc6 Rxf5 37. Kxe3 Rh5 38. Ke4 Rxh4+ 39. Kd5 Rh5+ 40. Kd6 Kf7 41. a4 Rg5 42. a5 h5 43. b4 cxb4 44. cxb4 Rg1 45. b5 Ra1 46. a6 Re1 47. b6 axb6 48. a7 Ra1 49. a8=Q Rxa8 50. Bxa8 Kg6 51. Kc6 Kg5 52. Kxb6 f5 53. Kc5 f4 54. Kd4 Kg4 55. Kd3 h4 56. Ke2 Kg3 57. Kf1 h3 58. Bh1 h2 59. Ba8 f3 60. Bxf3 Kxf3 61. Ke1 h1=Q+ 0-1


[Site "https://www.chess.com"]

[Event "Titled Tuesday Blitz November 22 Late 2022"]
[White "Ozdemir, Serhan Berat"]
[Black "Silvestre, Christian"]
[WhiteFideId "6374611"]
[BlackFideId "30956269"]
[WhiteElo "2016"]
[BlackElo "2338"]
[Result "1-0"]
[Round "04"]
[TimeControl "180+1"]
[Date "2022.11.23"]
[WhiteClock "0:00:36"]
[BlackClock "0:00:47"]

1. e4 c6 2. d4 d5 3. exd5 cxd5 4. c4 dxc4 5. Bxc4 Qc7 6. Bb3 Bg4 7. f3 Bh5 8. Ne2 e6 9. Nbc3 a6 10. Ne4 Bg6 11. Bf4 Qa5+ 12. Bd2 Qb6 13. O-O Nc6 14. Be3 Nf6 15. Nxf6+ gxf6 16. Qd2 Qa5 17. Nc3 Bb4 18. Rac1 O-O 19. Rfd1 Rfd8 20. Qf2 Bxc3 21. bxc3 Rac8 22. Qh4 Ne7 23. Qxf6 Nf5 24. Bd2 Qa3 25. g4 Qe7 26. Bg5 Qxf6 27. Bxf6 Ne3 28. Bxd8 Nxd1 29. Rxd1 Rxd8 30. c4 Kf8 31. Kf2 Ke7 32. Ke3 h5 33. h3 hxg4 34. hxg4 Rh8 35. Rd2 Rh1 36. d5 Kd6 37. Kf4 e5+ 38. Kg5 Rf1 39. c5+ Kxc5 40. d6 Rxf3 41. d7 Rd3 42. Rxd3 Bxd3 43. d8=Q Kc6 44. Qd5+ Kb6 45. Qxd3 e4 46. Qd4+ 1-0


[Site "https://www.chess.com"]

[Event "Titled Tuesday Blitz November 22 Late 2022"]
[White "Piesik, Piotr"]
[Black "Pan, Kevin"]
[WhiteFideId "1136194"]
[BlackFideId "30915708"]
[WhiteElo "2316"]
[BlackElo "2233"]
[Result "1-0"]
[Round "04"]
[TimeControl "180+1"]
[Date "2022.11.23"]
[WhiteClock "0:01:37"]
[BlackClock "0:00:52"]

1. Nf3 d5 2. g3 Nf6 3. Bg2 e6 4. O-O c6 5. d3 Nbd7 6. Nbd2 b6 7. e4 Bb7 8. Qe2 Qc7 9. Re1 dxe4 10. dxe4 e5 11. a4 Bc5 12. Nb3 Bd6 13. a5 c5 14. Nfd2 O-O 15. a6 Bc6 16. Nc4 Bb5 17. Bf1 Nb8 18. Qf3 Nc6 19. c3 Be7 20. Bg5 Rad8 21. Ne3 Bxf1 22. Kxf1 Nxe4 23. Bxe7 Nd2+ 24. Nxd2 Rxd2 25. Bxf8 Kxf8 26. Rad1 Rxb2 27. Nd5 Qc8 28. Kg2 Qxa6 29. Nf6 gxf6 30. Qxc6 Kg7 31. Rd6 Qa2 32. Qf3 h5 33. Qxf6+ Kh7 34. Qh6+ Kg8 35. Rd8# 1-0


[Site "https://www.chess.com"]